 Dungeon Crawl Stone Soup version 0.20.1-1-g8b1a95d (webtiles) character file.

133 ANON1729 the Firebug (level 5, -1/31 HPs)
             Began as an Octopode Fire Elementalist on Sept 8, 2017.
             Killed by divine providence
             ... invoked by an orc priest
              (10 damage)
             ... on level 3 of the Dungeon.
             The game lasted 00:09:00 (3871 turns).

ANON1729 the Firebug (Octopode Fire Elementalist)   Turns: 3871, Time: 00:09:01

Health: -1/31      AC:  1    Str:  7    XL:     5   Next: 16%
Magic:  6/9        EV: 13    Int: 19    God:
Gold:   123        SH:  0    Dex: 12    Spells: 9/10 levels left

rFire    . . .     SeeInvis .   f - +0 dagger
rCold    . . .     Gourm    .   (no shield)
rNeg     . . .     Faith    .   (helmet restricted)
rPois    .         Spirit   .   (no amulet)
rElec    .         Reflect  .   (no ring)
rCorr    .         Harm     .   (no ring)
MR       .....                  (no ring)
Stlth    +++.......             (no ring)
Regen    0.1/turn               (no ring)
MPRegen  0.2/turn               (no ring)
                                (no ring)
                                (no ring)

@: no status effects
A: almost no armour, stealthy swim, amphibious, 8 rings, constrict 8, camouflage
1, gelatinous body 1
a: no special abilities


You were on level 3 of the Dungeon.
You were not hungry.

You visited 1 branch of the dungeon, and saw 3 of its levels.

You collected 123 gold pieces.

Inventory:

Hand Weapons
 f - a +0 dagger (weapon)
Jewellery
 v - an uncursed ring of ice
Scrolls
 c - a scroll of fog {unknown}
 e - a scroll of amnesia {unknown}
 g - 2 scrolls of remove curse {unknown}
 h - 3 scrolls of teleportation {unknown}
 j - a scroll of magic mapping {unknown}
 n - 4 scrolls of identify {unknown}
 o - a scroll of enchant armour {unknown}
 p - 3 scrolls of enchant weapon {unknown}
 s - a scroll of random uselessness {unknown}
 t - a scroll of fear {unknown}
Potions
 d - a potion of invisibility {unknown}
 i - 2 potions of might {unknown}
 k - a potion of agility {unknown}
 q - a potion of mutation {unknown}
 r - a potion of haste {unknown}
 x - a potion of lignification {unknown}
 z - a potion of heal wounds {unknown}
Books
 a - a book of Flames

   Spells                             Type                      Level
   a - Flame Tongue                   Conjuration/Fire             1
   b - Throw Flame                    Conjuration/Fire             2
   c - Conjure Flame                  Conjuration/Fire             3
   d - Inner Flame                    Hexes/Fire                   3
   e - Sticky Flame                   Conjuration/Fire             4
   f - Fireball                       Conjuration/Fire             5
Comestibles
 b - 2 bread rations
 l - 3 fruits
 m - 3 meat rations
 w - a royal jelly


   Skills:
 - Level 2.0 Dodging
 - Level 2.6 Stealth
 * Level 3.0 Spellcasting
 + Level 2.7 Conjurations
 * Level 4.2 Fire Magic


You had 9 spell levels left.
You knew the following spells:

 Your Spells              Type           Power        Failure   Level  Hunger
a - Flame Tongue          Conj/Fire      ###..        3%          1    None


Dungeon Overview and Level Annotations

Branches:
Dungeon (3/15)

Altars:


Innate Abilities, Weirdness & Mutations

You cannot wear most types of armour.
You are very stealthy in the water. (Stealth+)
You are amphibious.
You can wear up to eight rings at the same time.
You can use your tentacles to constrict eight enemies at once.
Your skin changes colour to match your surroundings (Stealth+).
Your rubbery body absorbs attacks. (AC +1, EV +1)


Message History

The orc priest is moderately wounded.
The orc hits you but does no damage.
The orc priest calls upon Beogh to heal the orc.
The orc's wounds heal themselves!
Casting: Flame Tongue
Confirm with . or Enter, or press ? or * to list all spells.
Aiming: Flame Tongue
Press: ? - help, Shift-Dir - straight line, f/p - orc
Aim: an orc, wielding a club
Okay, then.
Casting: Flame Tongue
Confirm with . or Enter, or press ? or * to list all spells.
Aiming: Flame Tongue
Press: ? - help, Shift-Dir - straight line, f/p - orc
Aim: an orc, wielding a club The flame tongue hits the orc.
You kill the orc!
The orc priest calls down the wrath of Beogh upon you.
Beogh smites you!
You die...

#### #### #..
...## #.#
###.#########.#
....[......(..#
#####.#.####..####
#................#
.......#####..##@#
#.##.#.# #..##)#
#.#.##.# #..##o#
...###.#
#....o..oo..# #.##
#.# #.....#######
..# #.# #####.#
.## #.# #.# .# .#
#.# .# ..#


You could see an orc priest and an orc.

Vanquished Creatures
  A crimson imp (D:3)
  An adder (D:2)
  4 worms (D:2)
  2 dart slugs
  4 leopard geckos
  2 orcs (D:3)
  A goblin (D:1)
  12 hobgoblins
  11 jackals (D:1)
  2 quokkas
  8 bats
  2 frilled lizards (D:2)
  6 kobolds
  8 rats
64 creatures vanquished.

Notes
Turn   | Place    | Note
-------+----------+-------------------------------------------
     0 | D:1      | ANON1729 the Octopode Fire Elementalist began the quest for the Orb.
     0 | D:1      | Reached XP level 1. HP: 11/11 MP: 3/3
   357 | D:1      | Reached XP level 2. HP: 15/17 MP: 0/5
   858 | D:1      | Reached XP level 3. HP: 19/21 MP: 3/6
  2520 | D:2      | Reached XP level 4. HP: 25/27 MP: 5/7
  3277 | D:2      | Reached skill level 4 in Fire Magic
  3697 | D:3      | Reached XP level 5. HP: 20/31 MP: 9/9
  3871 | D:3      | Killed from afar by an orc priest

Skill      XL: |  1  2  3  4  5 |
---------------+----------------+-----
Conjurations   | 2 |  2.7
Fire Magic     | 4 |  4.2
Spellcasting   | 3 |  3.0
Dodging        | |  2.0
Stealth        | |  2.6

Action                   |  1- 3 |  4- 6 || total
-------------------------+-------+-------++-------
Melee: Unarmed           |    52 |    24 ||    76
       Constrict         |    16 |    10 ||    26
       Tentacles         |     9 |     7 ||    16
       Dagger            |       |    19 ||    19
 Cast: Flame Tongue      |    46 |    42 ||    88
 Stab: Sleeping          |     5 |     1 ||     6
  Eat: Chunk             |     5 |     5 ||    10
Armor: Skin              |     2 |     5 ||     7
Dodge: Dodged            |    54 |    26 ||    80
